 Dungeon Crawl Stone Soup version 0.30-a0-339-g89bb51ec76 (webtiles) character file.

Game seed: 9985100942445836574

2894 ragingrage the Destroyer (level 9, -17/92 HPs)
             Began as an Ogre Reaver on Oct 31, 2022.
             Was an Initiate of Gozag.
             Demolished by a vault guard
             ... wielding a +0 broad axe
              (25 damage)
             ... in a bailey.
             The game lasted 00:19:31 (10085 turns).

ragingrage the Destroyer (Ogre Reaver)             Turns: 10085, Time: 00:19:31

Health: -17/92     AC:  3    Str: 18    XL:     9   Next: 77%
Magic:  14/21      EV:  9    Int: 18    God:    Gozag
Gold:   692        SH:  0    Dex:  7    Spells: 3/12 levels left

rFire   . . .      SeeInvis .    a - +5 morningstar (freeze)
rCold   . . .      Faith    .    (no shield)
rNeg    . . .      Spirit   .    o - +0 robe
rPois   .          Reflect  .    (helmet restricted)
rElec   .          Harm     .    (no cloak)
rCorr   .          Rampage  .    (gloves unavailable)
Will    .....                    (boots unavailable)
Stlth   +.........               w - amulet of the acrobat
HPRegen 0.35/turn                d - ring of flight
MPRegen 0.17/turn                A - ring of magical power

@: flying
A: large, unfitting armour, tough skin 1
a: Renounce Religion, Potion Petition, Call Merchant, Bribe Branch


You were in a bailey.
You worshipped Gozag.
Gozag was pleased with you.
You visited 2 branches of the dungeon, and saw 9 of its levels.
You also visited: Bailey.

You collected 1012 gold pieces.
You spent 266 gold pieces at shops.
You paid 54 gold pieces to Gozag.

Inventory:

Hand Weapons
 a - a +5 morningstar of freezing (weapon)
 b - a +0 hand axe
Missiles
 j - 4 boomerangs
 y - a throwing net
 C - 9 poisoned darts
 G - 6 silver javelins
Armour
 o - a +0 robe (worn)
Jewellery
 d - a ring of flight (left hand)
 w - an amulet of the acrobat (around neck)
 A - a ring of magical power (right hand)
 B - the ring of Happiness {rPois rC+ Str+4}
   (You found it on level 5 of the Dungeon)

   [ring of protection from cold]

   Str:       It affects your strength (+4).
   rC:        It protects you from cold.
   rPois:     It protects you from poison.
Wands
 c - a wand of mindburst (3)
 f - a wand of roots (13)
Scrolls
 e - a scroll of summoning
 h - 4 scrolls of silence
 k - 3 scrolls of teleportation
 n - a scroll of poison {unknown}
 q - a scroll of enchant weapon {unknown}
 r - 3 scrolls of identify
 u - a scroll of blinking {unknown}
 z - a scroll of butterflies
 D - a scroll of amnesia {unknown}
 H - a scroll of torment {unknown}
Potions
 g - a potion of haste
 i - a potion of berserk rage
 l - a potion of resistance {unknown}
 m - a potion of flight {unknown}
 p - a potion of heal wounds
 s - 3 potions of magic
 t - 3 potions of curing
 v - 2 potions of brilliance
 x - a potion of lignification
 E - a potion of mutation {unknown}
 F - a potion of might


   Skills:
 + Level 6.4 Fighting
 - Level 3.4 Axes
 - Level 1.7 Dodging
 - Level 2.4 Spellcasting
 + Level 8.2 Conjurations
 - Level 3.0 Translocations
 - Level 3.0 Ice Magic
 * Level 6.6 Earth Magic


You had 3 spell levels left.
You knew the following spells:

 Your Spells              Type           Power      Damage    Failure   Level
a - Kiss of Death         Conj/Necr      68%        2d10      3%          1
b - Momentum Strike       Conj/Tloc      44%        3d9       2%          2
c - Hailstorm             Conj/Ice       22%        3d7       5%          3
d - Stone Arrow           Conj/Erth      56%        3d10      2%          3

Your spell library contained the following spells:

 Spells                   Type           Power      Damage    Failure   Level
 Freeze                   Ice            48%        1d6       4%          1
 Dazzling Flash           Conj/Hex       34%        N/A       10%         3
 Frozen Ramparts          Ice            24%        1d4       16%         3
 Portal Projectile        Hex/Tloc       14%        N/A       28%         3
 Call Canine Familiar     Summ           2%         N/A       45%         3
 Tukima's Dance           Hex            2%         N/A       45%         3
 Iskenderun's Mystic Bla  Conj/Tloc      22%        2d6       17%         4
 Animate Armour           Summ/Erth      28%        N/A       41%         4
 Leda's Liquefaction      Hex/Erth       7%         N/A       41%         4
 Blade Hands              Tmut           1%         N/A       99%         5
 Starburst                Conj/Fire      8%         6d4       99%         6
 Lehudib's Crystal Spear  Conj/Erth      14%        10d5      100%        8


Dungeon Overview and Level Annotations

Branches:
Dungeon (8/15)             Temple (1/1) D:4          Bailey (1/1)
   Lair: D:8-11

Altars:
Dithmenos
Elyvilon
Gozag
Kikubaaqudgha
Makhleb
Nemelex Xobeh
Okawaru
Qazlal
Ru
Sif Muna
Trog
Vehumet
Wu Jian
Yredelemnul
Zin
The Shining One

Shops:
D:2 (   D:3 =   D:6 :!(

Annotations:
D:2 1 runed translucent door, Crazy Yiuf
D:5 exclusion: downstairs
D:6 Edmund


Innate Abilities, Weirdness & Mutations

You are too large for most types of armour.
You have tough skin. (AC +1)


Message History

Things that are here:
a +0 hand axe; a +0 leather armour
There is an open door here.
There is a broken door here.
Things that are here:
a +0 vorpal hand axe; a +0 scale mail
Items here: ) [[[.
There is an open door, spattered with blood here.
You see here a +0 hand axe.
There is an open door, spattered with blood here.
Things that are here:
a +0 hand axe; a +0 leather armour
There is an open door here.
There is a broken door here.
Things that are here:
a +0 vorpal hand axe; a +0 scale mail
Items here: ) [[[.
There is an open door, spattered with blood here.
You see here a +0 hand axe.
There is an open door, spattered with blood here.
Things that are here:
a +0 hand axe; a +0 leather armour
There is an open door here.
You barely miss the vault guard.
The vault guard hits you with a +0 broad axe!
The vault guard attacks as you move away!
The vault guard hits you with a +0 broad axe!!
The vault guard attacks as you move away!
The vault guard misses you.
There is an open door here.
The vault guard attacks as you move away!
The vault guard hits you with a +0 broad axe!!
* * * LOW HITPOINT WARNING * * *
The vault guard attacks as you move away!
The vault guard hits you with a +0 broad axe!
* * * LOW HITPOINT WARNING * * *
You closely miss the vault guard.
The vault guard hits you with a +0 broad axe!!
You die...
Your body crumbles into a pile of gold.

########## ##...##~~~##
##....#~~~~~#
##.....)~~~~~#####
#.....@#~~~)##...##
#######...p##~~)p..∩..#
#≈≈≈≈≈###..######[....#
≈~~~~~≈≈##'#....)..∩..#
~~~~~~~~≈#.....)##...##
~~~~~~~≈##.......#####
.~....~≈#######...#
~.....$~≈≈≈#..##..#
..~........#..#...#


You could see a vault guard.

Vanquished Creatures
  Prince Ribbit (Bailey)
  2 humans (Bailey)
  A water moccasin (D:6)
  3 sky beasts
  An ogre (D:7)
  2 centaurs
  A kobold brigand (D:7)
  10 bullfrogs
  A jelly (D:5)
  2 necrophages
  A gnoll sergeant (D:5)
  4 wights (D:7)
  2 howler monkeys (D:7)
  2 hounds
  Jessica (D:2)
  A gnoll bouda (D:5)
  Ijyb (D:3)
  An orc wizard (D:7)
  12 gnolls
  3 adders
  5 worms
  A dart slug (D:1)
  7 orcs
  4 ball pythons
  5 endoplasms
  3 giant cockroaches
  6 goblins
  11 hobgoblins
  2 jackals (D:5)
  4 quokkas
  4 bats
  6 frilled lizards
  11 kobolds
  6 rats
127 creatures vanquished.

Vanquished Creatures (others)
  Grinder (D:5)
  An ogre (D:5)
  4 phantoms
  3 hounds
  An iguana (D:6)
  10 gnolls
  4 orcs
  A jackal (D:5)
  A ball python (D:3)
26 creatures vanquished.

Grand Total: 153 creatures vanquished

Notes
Turn   | Place    | Note
-------+----------+-------------------------------------------
     0 | D:1      | ragingrage the Ogre Reaver began the quest for the Orb.
     0 | D:1      | Reached XP level 1. HP: 22/22 MP: 3/3
    91 | D:1      | Reached XP level 2. HP: 17/29 MP: 5/5
   151 | D:1      | Found a faded altar of an unknown god.
   243 | D:1      | Reached skill level 3 in Conjurations
   732 | D:1      | Learned a level 2 spell: Momentum Strike
   853 | D:2      | Found an ancient bone altar of Kikubaaqudgha.
   865 | D:2      | Reached XP level 3. HP: 20/36 MP: 6/6
  1054 | D:2      | Found Abodwem's Weapon Emporium.
  1143 | D:2      | Reached skill level 1 in Translocations
  1284 | D:2      | Learned a level 3 spell: Hailstorm
  1293 | D:2      | Reached XP level 4. HP: 36/44 MP: 7/7
  1467 | D:2      | Noticed Jessica
  1484 | D:2      | Killed Jessica
  1693 | D:2      | Found a runed translucent door.
  1694 | D:2      | Noticed Crazy Yiuf
  1889 | D:3      | Found Sarphigu's Jewellery Emporium.
  2069 | D:3      | Reached skill level 1 in Ice Magic
  2117 | D:3      | Noticed Ijyb
  2133 | D:3      | Killed Ijyb
  2134 | D:3      | Reached XP level 5. HP: 14/50 MP: 6/8
  2391 | D:3      | Found a shimmering blue altar of Sif Muna.
  2689 | D:3      | Reached skill level 4 in Conjurations
  3176 | D:4      | Found a staircase to the Ecumenical Temple.
  3316 | Temple   | Entered the Ecumenical Temple
  3534 | Temple   | Became a worshipper of Gozag Ym Sagoz the Greedy
  4006 | D:4      | You are sucked into a shaft and drop 2 floors!
  4090 | D:5      | Entered Level 5 of the Dungeon
  4121 | D:5      | Noticed an ogre
  4127 | D:5      | Killed an ogre
  4128 | D:5      | Reached XP level 6. HP: 59/59 MP: 6/9
  5386 | D:5      | Identified the ring of Happiness {rPois rC+ Str+4}
  5585 | D:5      | Reached skill level 5 in Conjurations
  5585 | D:5      | Reached XP level 7. HP: 45/66 MP: 9/10
  5705 | D:5      | Noticed Grinder
  5712 | D:5      | Paralysed by Grinder for 3 turns
  5716 | D:5      | Paralysed by Grinder for 3 turns
  5727 | D:5      | Killed Grinder
  5892 | D:5      | Reached skill level 6 in Conjurations
  6083 | D:5      | Found a white marble altar of Elyvilon.
  6379 | D:6      | Found Jamean's Weapon Shop.
  6415 | D:6      | Noticed Edmund
  6479 | D:5      | Learned a level 3 spell: Stone Arrow
  6542 | D:6      | Reached skill level 1 in Earth Magic
  6691 | D:6      | Found Zaxoeqa's Book Shoppe.
  6723 | D:6      | Reached XP level 8. HP: 58/69 MP: 11/11
  6825 | D:6      | Found an ornate altar of the Wu Jian Council.
  7364 | D:6      | Found Booxt's Distillery.
  7368 | D:6      | Bought a potion of magic for 112 gold pieces
  7368 | D:6      | Bought a potion of curing for 42 gold pieces
  7368 | D:6      | Bought a potion of brilliance for 56 gold pieces
  7368 | D:6      | Bought a potion of might for 56 gold pieces
  7663 | D:7      | Reached skill level 7 in Conjurations
  8549 | D:7      | Reached XP level 9. HP: 60/85 MP: 12/12
  8913 | D:7      | Reached skill level 5 in Earth Magic
  9104 | D:8      | Found a burning altar of Makhleb.
  9216 | D:8      | Found a flagged portal.
  9244 | Bailey   | Entered a bailey
  9286 | Bailey   | Reached skill level 5 in Fighting
  9525 | Bailey   | Reached skill level 8 in Conjurations
  9840 | Bailey   | Noticed Prince Ribbit
  9872 | Bailey   | Noticed a vault guard
  9876 | Bailey   | Killed Prince Ribbit
 10085 | Bailey   | Demolished by a vault guard

Illustrated notes

Levels and vault maps discovered:
D:1:      minmay_arrival_hallway, layout_loops_ring,
          ebering_ecumenical_altar_abandoned
D:2:      minmay_chambers_of_twos, layout_basic, serial_shops,
          nicolae_shop_waterfront, basic_altar, uniq_jessica,
          uniq_crazy_yiuf_cottage
D:3:      layout_rooms, pf_just_have_faith, serial_shops, shop,
          interstate_on_off, minmay_misc_feat_tiny, uniq_ijyb
D:4:      layout_loops_cross, minmay_temple_entry_slanted,
          chequers_serial_rivers_micro_d
D:5:      layout_gridville, mainiacjoe_overflow_catwalk, uniq_grinder
D:6:      layout_basic, nicolae_overflow_crystal_walls, serial_shops, shop,
          kennysheep_mini_moat, shop, minmay_misc_feat_room,
          grunt_ministairs_10, uniq_edmund
D:7:      layout_loops_cross
D:8:      layout_loops_ring, mainiacjoe_overflow_concentric_impassable,
          nicolae_uskayaw_suspiria, enter_bailey_4, grunt_tough_drop
Temple:   hellmonk_temple_of_storms
Bailey:   bailey_axe_froggy_fort_hellmonk, bailey

Skill      XL: |  1  2  3  4  5  6  7  8  9 |
---------------+----------------------------+-----
Conjurations   | 3 4 5 6 7 8 |  8.2
Translocations | 1 2 3 |  3.0
Ice Magic      | 1 2 3 |  3.0
Earth Magic    | 1 4 6 |  6.6
Fighting       | 4 6 |  6.4
Axes           | |  3.4
Dodging        | |  1.7
Spellcasting   | |  2.4

Action                   |  1- 3 |  4- 6 |  7- 9 || total
-------------------------+-------+-------+-------++-------
Melee: Hand axe          |    68 |    11 |    26 ||   105
       Whip              |    43 |    27 |       ||    70
       Dagger            |       |   167 |   120 ||   287
       Punch             |       |     3 |     4 ||     7
       Morningstar       |       |       |    26 ||    26
 Cast: Momentum Strike   |       |    30 |    19 ||    49
       Hailstorm         |       |     5 |    22 ||    27
       Stone Arrow       |       |       |    56 ||    56
       Kiss of Death     |       |       |     1 ||     1
Evoke: Wand              |       |     3 |     4 ||     7
  Use: Potion            |       |     2 |       ||     2
       Scroll            |       |     6 |     1 ||     7
Armor: Robe              |    24 |    41 |    50 ||   115
       Skin              |       |     8 |       ||     8
Dodge: Dodged            |    36 |   103 |   135 ||   274

Table legend: (Time is in decaauts)
 A = Elapsed time spent in this place.
 B = Non-inter-level travel time spent in this place.
 C = Inter-level travel time spent in this place.
 D = Time resting spent in this place.
 E = Time spent auto-exploring this place.
 F = Levels seen in this place.
 G = Mean time per level.
                   A        B        C        D        E       F      G
               +--------+--------+--------+--------+--------+-----+--------+
         Total |  10102 |   9599 |    503 |   3432 |   3906 |  10 | 1010.2 |
       Dungeon |   9008 |   8520 |    488 |   2967 |   3830 |   8 | 1126.0 |
        Temple |    234 |    219 |     15 |    182 |      0 |   1 |  234.0 |
        Bailey |    860 |    860 |      0 |    283 |     76 |   1 |  860.0 |
               +--------+--------+--------+--------+--------+-----+--------+

Top non-repeatable levels by time:
     D:5: 1794 daAuts
     D:7: 1459 daAuts
     D:6: 1265 daAuts
     D:4: 1264 daAuts
     D:2: 1139 daAuts
     D:3: 1081 daAuts
     D:1: 861 daAuts
  Bailey: 860 daAuts
  Temple: 234 daAuts
     D:8: 142 daAuts
